 Dungeon Crawl Stone Soup version 0.18-a0-900-gbbf5c82 (webtiles) character file.

22 vatarom the Conjurer (level 2, 24/24 HPs)
             Began as a Draconian Conjurer on Dec 23, 2015.
             Quit the game on level 1 of the Dungeon on Dec 24, 2015.
             The game lasted 00:02:55 (762 turns).

vatarom the Conjurer (Draconian Conjurer)            Turns: 762, Time: 00:02:55

Health: 24/24      AC:  4    Str: 10    XL:     2   Next: 68%
Magic:  4/4        EV: 12    Int: 15    God:
Gold:   27         SH:  0    Dex: 11    Spells: 2 memorised, 2 levels left

rFire  . . .     SeeInvis .     e - +1 short sword
rCold  . . .     Gourm    .     (armour unavailable)
rNeg   . . .     Faith    .     (no shield)
rPois  .         Spirit   .     (helmet restricted)
rElec  .         Dismiss  .     (no cloak)
rCorr  .         Reflect  .     (no gloves)
SustAt .         Harm     .     (no boots)
MR     .....                    (no amulet)
Stlth  ++........               (no ring)
                                (no ring)

@: not resistant to hostile enchantments, unstealthy
A: unfitting armour, low mp 2, cold-blooded, AC +4
a: no special abilities


You were on level 1 of the Dungeon.
You were not hungry.

You visited 1 branch of the dungeon, and saw 1 of its levels.

You collected 27 gold pieces.

Inventory:

Hand Weapons
 e - a +1 short sword (weapon)
Scrolls
 h - a scroll of magic mapping
Potions
 c - a potion of magic
Books
 a - a book of Conjurations

   Spells                             Type                      Level
   a - Magic Dart                     Conjuration                  1
   b - Searing Ray                    Conjuration                  2
   c - Dazzling Spray                 Conjuration/Hexes            3
   d - Fulminant Prism                Conjuration/Hexes            4
   e - Iskenderun's Mystic Blast      Conjuration                  4
   f - Iskenderun's Battlesphere      Conjuration/Charms           5
Comestibles
 b - a bread ration
 d - a beef jerky
 g - a royal jelly


   Skills:
 + Level 1.8 Fighting
 - Level 1.7 Dodging
 - Level 1.7 Stealth
 - Level 2.0 Spellcasting
 + Level 4.4 Conjurations


You had 2 spell levels left.
You knew the following spells:

 Your Spells              Type           Power        Failure   Level  Hunger
a - Magic Dart            Conj           ##..         4%          1    #......
b - Searing Ray           Conj           ##....       8%          2    ###....


Dungeon Overview and Level Annotations

Branches:
Dungeon (1/15)

Altars:
The Shining One


Innate Abilities, Weirdness & Mutations

Your plain brown scales are hard (AC +4).
Your body does not fit into most forms of armour.
You are cold-blooded and may be slowed by cold attacks.
Your magical capacity is very low (-20% MP).


Message History

Read which item? (? for menu, Esc to quit)
Okay, then.
Read which item? (? for menu, Esc to quit)
As you read the scroll labeled CEAGAOPALI, it crumbles to dust.
It is a scroll of amnesia.
Forget which spell ([?*] list [ESC] exit)?
Forget which spell ([?*] list [ESC] exit)?
Okay, then.
Key pressed, stopping explore.
You see here 23 stones.
You see here a hunting sling.
A ball python comes into view.
The ball python moves out of view.
You spend a moment contemplating the meaning of life.
You spend a moment contemplating the meaning of life.
(D) Dungeon
Where to? (Enter - D:1 @ (x,y), ? - help)
The ball python is too close now for your liking.
Autopickup is now off.
Are you sure you want to abandon this character and quit the game? (Confirm with "yes".)

#≈≈.#...##.#########.#.##
#.#
#≈.##...##............#.#
#.#
#≈.#...###...#######...##
#.. #.##...# ####.##
##.## #.# ###...##
##.######.# #.# #...#####
##...#....# #.# #...#
#.## #.....###.#####.#
##.##
#..###...............#
#.#
#.#..@.....#....####.#
#.# #.##.........##.# #..
#.####........#...#.##
### #....####(.........##
####.# ##.#####...# #.#
#.# #...# #.#
##.#####...######## #†#
#..S............... #.#
#..#####)..########


You could see a ball python (wandering).

Vanquished Creatures
  A giant gecko (D:1)
  5 hobgoblins (D:1)
  6 jackals (D:1)
  3 kobolds (D:1)
  A bat (D:1)
  A giant newt (D:1)
  A goblin (D:1)
  A rat (D:1)
19 creatures vanquished.

Notes
Turn   | Place    | Note
--------------------------------------------------------------
     0 | D:1      | vatarom the Draconian Conjurer began the quest for the Orb.
     0 | D:1      | Reached XP level 1. HP: 14/14 MP: 3/3
     8 | D:1      | Upgraded the game from 0.18-a0-888-gdb73dea to 0.18-a0-900-gbbf5c82
   199 | D:1      | Reached skill level 1 in Fighting
   262 | D:1      | Reached XP level 2. HP: 23/23 MP: 0/5
   284 | D:1      | Learned a level 2 spell: Searing Ray
   567 | D:1      | Found a glowing golden altar of the Shining One.
   685 | D:1      | Gained mutation: Your magical capacity is low (-10% MP). [potion of mutation]
   685 | D:1      | Gained mutation: Your magical capacity is very low (-20% MP). [potion of mutation]
   762 | D:1      | Quit the game

Vault maps used:
D:1:      evilmike_arrival_crescent, amethyst_killhole, tso_altar

Action                   || total
-------------------------++-------
Melee: Unarmed           ||    50
       Short sword       ||    29
 Cast: Magic Dart        ||    13
       Searing Ray       ||     1
  Use: Scroll            ||     3
       Potion            ||     3
